 Dungeon Crawl Stone Soup version 0.29-a0-643-ga013cefcf8 (webtiles) character file.

Game seed: 15981796697007271508

161 happo123 the Gusty (level 5, 0/43 HPs)
             Began as a Tengu Air Elementalist on June 20, 2022.
             Slain by an orc priest
             ... wielding a +2 dagger of venom
              (2 damage)
             ... on level 3 of the Dungeon.
             The game lasted 00:19:56 (2147 turns).

happo123 the Gusty (Tengu Air Elementalist)         Turns: 2147, Time: 00:20:01

Health: 0/43       AC:  3    Str:  8    XL:     5   Next: 42%
Magic:  2/9        EV: 15    Int: 17    God:
Gold:   72         SH:  0    Dex: 15    Spells: 2/8 levels left

rFire   . . .      SeeInvis +   d - +0 dagger
rCold   . . .      Faith    .   (no shield)
rNeg    . . .      Spirit   .   a - +0 robe
rPois   .          Reflect  .   (helmet restricted)
rElec   .          Harm     .   (no cloak)
rCorr   .          Rampage  .   g - +0 pair of gloves
Will    .....                   (boots unavailable)
Stlth   ..........              (no amulet)
HPRegen 0.14/turn               c - ring of see invisible
MPRegen 0.11/turn               (no ring)

@: berserking, lethally poisoned (0 -> -4), flying quickly and evasively, very
slightly contaminated, very quick
A: beak, talons 3, nimble flight
a: no special abilities


You were on level 3 of the Dungeon.
You visited 1 branch of the dungeon, and saw 3 of its levels.

You collected 72 gold pieces.

Inventory:

Hand Weapons
 d - a +0 dagger (weapon)
Armour
 a - a +0 robe (worn)
 e - a +0 leather armour
 g - a +0 pair of gloves (worn)
Jewellery
 c - a ring of see invisible (left hand)
Wands
 m - a wand of flame (12)
Scrolls
 h - a scroll of vulnerability {unknown}
 o - a scroll of teleportation {unknown}
Potions
 b - a potion of magic
 i - a potion of haste {unknown}
 j - a potion of curing {unknown}
 k - a potion of lignification {unknown}
 l - 2 potions of heal wounds {unknown}
 n - 2 potions of ambrosia {unknown}


   Skills:
 + Level 1.1 Fighting
 + Level 3.0 Dodging
 + Level 2.8 Stealth
 + Level 2.4 Spellcasting
 * Level 3.6 Conjurations
 * Level 5.2 Air Magic


You had 2 spell levels left.
You knew the following spells:

 Your Spells              Type           Power      Damage    Failure   Level
a - Shock                 Conj/Air       68%        1d7       3%          1
b - Static Discharge      Conj/Air       17%        N/A       4%          2
c - Swiftness             Air            19%        N/A       6%          3

Your spell library contained the following spells:

 Spells                   Type           Power      Damage    Failure   Level
 Necrotize                Necr           8%         1d4       19%         1
 Blink                    Tloc           4%         N/A       28%         2
 Airstrike                Air            9%         N/A       22%         4
 Lesser Beckoning         Tloc           2%         N/A       50%         3
 Vampiric Draining        Necr           2%         2d6       50%         3
 Agony                    Necr           2%         N/A       99%         5
 Manifold Assault         Tloc           2%         N/A       99%         5


Dungeon Overview and Level Annotations

Branches:
Dungeon (3/15)

Altars:


Innate Abilities, Weirdness & Mutations

You have a beak for a mouth.
You have claws for feet.
Your magical nature lets you fly swiftly and evasively.


Message History

Your magical contamination has completely faded away.
An orc wizard comes into view. It is wielding a +0 short sword.
The orc shouts! x3
There is an open door here.
Aiming: Shock (safe; 3% risk of failure)
Press: ? - help, Q - select action, (/) - cycle Shift-Dir - straight line The zap hits the orc but does no damage.
The zap hits the orc!
You kill the orc!
Aiming: Shock (safe; 3% risk of failure)
Press: ? - help, Q - select action, (/) - cycle Shift-Dir - straight line The zap hits the orc.
The orc is heavily wounded.
The zap hits the orc!
You kill the orc!
Items here: ! )) [ ††.
The orc priest hits you with a +2 dagger of venom.
You are poisoned.
Casting: Shock (safe; 3% risk of failure)
Confirm with . or Enter, or press ? or * to list all spells.
You miscast Static Discharge.
You are very lightly contaminated with residual magic.
Nothing appears to happen.
You feel sick.
The orc priest invokes the aid of Beogh against you.
Beogh smites you!
Ouch! That really hurt!
* * * LOW HITPOINT WARNING * * *
As you read the scroll labelled ZOCVOG NARU, it crumbles to dust.
You feel aware of your surroundings.
It was a scroll of magic mapping.
You feel sick.
The orc priest mumbles some strange prayers to Beogh against you.
Pain shoots through your body!
* * * LOW HITPOINT WARNING * * *
It was a potion of berserk rage.
A red film seems to cover your vision as you go berserk!
You feel yourself moving faster!
You feel mighty!
* * * LOW HITPOINT WARNING * * *
You feel sick.
The orc priest hits you with a +2 dagger of venom.
You die...

#......o..,#.....##
******#.........,#.....##
*<,,,,+.........,+.....##
******#......h..,#.......
#.o..o....,#...†.).
##'#########+##.... #o#
#........ #o# #....####
#@###### #..<.#
#.)....###....#
#..†..........#
#.............#
#.....[.......#
#.............#
#.............#
#...........).#
#.............#


You could see an orc priest, an orc wizard and an orc.

Vanquished Creatures
  A hound (D:3)
  Robin (D:2)
  3 adders (D:3)
  3 dart slugs
  3 orcs (D:3)
  8 bats
  10 endoplasms
  A giant cockroach (D:3)
  16 goblins
  4 hobgoblins (D:2)
  4 jackals
  6 kobolds
  2 quokkas
  4 ball pythons
  8 frilled lizards
  5 rats
79 creatures vanquished.

Notes
Turn   | Place    | Note
-------+----------+-------------------------------------------
     0 | D:1      | happo123 the Tengu Air Elementalist began the quest for the
                  | Orb.
     0 | D:1      | Reached XP level 1. HP: 10/10 MP: 4/4
    73 | D:1      | Found a faded altar of an unknown god.
    87 | D:1      | Reached XP level 2. HP: 15/15 MP: 1/6
   279 | D:1      | Learned a level 2 spell: Static Discharge
   499 | D:1      | Reached XP level 3. HP: 20/20 MP: 5/7
   503 | D:1      | Learned a level 3 spell: Swiftness
  1263 | D:2      | Reached XP level 4. HP: 18/24 MP: 5/8
  1265 | D:2      | Noticed Robin
  1298 | D:2      | Killed Robin
  1656 | D:3      | Reached skill level 1 in Fighting
  2065 | D:3      | Reached skill level 5 in Air Magic
  2086 | D:3      | Gained mutation: Your magical nature lets you fly swiftly
                  | and evasively. [Tengu growth]
  2086 | D:3      | Reached XP level 5. HP: 27/29 MP: 6/9
  2146 | D:3      | HP: 1/29 [orc priest/nerve-wracking pain (5)]
  2147 | D:3      | Slain by an orc priest

Illustrated notes

Levels and vault maps discovered:
D:1:      minmay_arrival_radiant_lines, layout_loops_ring,
          ebering_ecumenical_altar_rust
D:2:      layout_rooms, kennysheep_potato, uniq_robin
D:3:      layout_basic, amcnicky_mini_corridor_feature, minmay_circle_x

Skill      XL: |  1  2  3  4  5 |
---------------+----------------+-----
Conjurations   | 2 3 |  3.6
Fighting       | 1 |  1.1
Air Magic      | 5 |  5.2
Dodging        | 3 |  3.0
Stealth        | |  2.8
Spellcasting   | |  2.4

Action                   |  1- 3 |  4- 6 || total
-------------------------+-------+-------++-------
Melee: Dagger            |    19 |    18 ||    37
       Kick              |     4 |     6 ||    10
       Peck              |     3 |     1 ||     4
 Cast: Shock             |    42 |    35 ||    77
       Static Discharge  |     8 |     1 ||     9
  Use: Scroll            |       |     1 ||     1
       Potion            |       |     1 ||     1
 Stab: Sleeping          |     4 |       ||     4
Armor: Robe              |     7 |     8 ||    15
Dodge: Dodged            |    51 |    26 ||    77

Table legend: (Time is in decaauts)
 A = Elapsed time spent in this place.
 B = Non-inter-level travel time spent in this place.
 C = Inter-level travel time spent in this place.
 D = Time resting spent in this place.
 E = Time spent auto-exploring this place.
 F = Levels seen in this place.
 G = Mean time per level.
                   A        B        C        D        E       F      G
               +--------+--------+--------+--------+--------+-----+--------+
         Total |   2142 |   1357 |    785 |    500 |    156 |   3 |  714.0 |
       Dungeon |   2142 |   1357 |    785 |    500 |    156 |   3 |  714.0 |
               +--------+--------+--------+--------+--------+-----+--------+

Top non-repeatable levels by time:
     D:2: 917 daAuts
     D:1: 865 daAuts
     D:3: 359 daAuts
